 Dungeon Crawl Stone Soup version 0.26-a0-1184-g95e395e029 (webtiles) character file.

Game seed: 13029126497068808911

182619 Azzok the Severer (level 17, -9/139 HPs)
             Began as a Demonspawn Berserker on Dec 27, 2020.
             Was the Champion of Trog.
             Mangled by a jumping spider (12 damage)
             ... on level 4 of the Spider Nest.
             The game lasted 00:57:44 (35149 turns).

Azzok the Severer (Demonspawn Berserker)           Turns: 35149, Time: 00:57:44

Health: -9/139     AC: 21    Str: 23    XL:     17   Next: 71%
Magic:  17/17      EV:  6    Int: 12    God:    Trog [******]
Gold:   3148       SH:  0    Dex: 13    Spells: 16/16 levels left

rFire    . . .     SeeInvis +   Q - +2 battleaxe (freeze)
rCold    + . .     Faith    +   (shield currently unavailable)
rNeg     . . .     Spirit   .   n - +0 plate armour {rPois}
rPois    +         Reflect  .   a - +3 crown of Dyrovepreva {rElec Int+2 SInv}
rElec    +         Harm     .   l - scarf {repulsion}
rCorr    .         Rampage  .   X - +0 pair of gloves {archery}
Will     +....                  (boots unavailable)
Stlth    ..........             g - amulet of faith
HPRegen  0.33/turn              w - ring of protection from cold
MPRegen  0.15/turn              W - +4 ring of slaying

@: mighty, held, repel missiles
A: hooves 3, rugged brown scales 2, powered by death 3, powered by pain 2,
augmentation 1
a: Renounce Religion, Berserk, Trog's Hand, Brothers in Arms


You were on level 4 of the Spider Nest.
You worshipped Trog.
Trog was exalted by your worship.
You visited 4 branches of the dungeon, and saw 27 of its levels.
You also visited: Ice Cave and Volcano.

You collected 3573 gold pieces.
You spent 425 gold pieces at shops.

Inventory:

Hand Weapons
 M - the +3 battleaxe "Seaqut" {antimagic, Will+}
   (Trog gifted it to you on level 2 of the Orcish Mines)

   It reduces the magical energy of the wielder, and disrupts the spells and
   magical abilities of those hit.
   Natural abilities and divine invocations are not affected.
   It affects your willpower, your defense against some magical effects.
 Q - a +2 battleaxe of freezing (weapon)
 Y - a +1 battleaxe of flaming
 Z - a +2 executioner's axe
Armour
 a - the +3 crown of Dyrovepreva (worn) {rElec Int+2 SInv}
   (You found it on level 10 of the Dungeon)

   It affects your intelligence (+2).
   It insulates you from electricity.
   It lets you see invisible.
 l - a scarf of repulsion (worn)
 n - a +0 plate armour of poison resistance (worn)
 F - a +4 plate armour of fire resistance
 P - a +2 plate armour of cold resistance
 X - a +0 pair of gloves of archery (worn)
Jewellery
 g - an amulet of faith (around neck)
 q - an uncursed ring of flight
 w - a ring of protection from cold (left hand)
 I - an uncursed ring of protection from cold
 K - an uncursed ring of fire
 O - the ring of the Mage {Wiz Will++ Int+3}
   (You found it in an ice cave)

   [ring of wizardry]

   It improves your spell success rate.
   It affects your intelligence (+3).
   It affects your willpower, your defense against some magical effects.
 R - an uncursed ring of fire
 W - a +4 ring of slaying (right hand)
Wands
 b - a wand of paralysis (14)
 h - a wand of disintegration (10)
 s - a wand of digging (9)
 D - a wand of flame (50)
 G - a wand of iceblast (22)
Scrolls
 e - 11 scrolls of teleportation
 p - 3 scrolls of blinking
 r - 5 scrolls of enchant weapon
 u - 6 scrolls of fear
 v - 3 scrolls of enchant armour
 y - 4 scrolls of fog
 J - 10 scrolls of remove curse
 S - a scroll of immolation {unknown}
 T - 2 scrolls of vulnerability {unknown}
 U - 2 scrolls of torment {unknown}
 V - a scroll of silence
Potions
 c - 7 potions of curing
 d - 9 potions of mutation {!q}
 f - 9 potions of lignification
 i - 4 potions of attraction
 j - 9 potions of heal wounds
 k - 3 potions of haste
 o - a potion of magic
 t - a potion of cancellation
 x - 6 potions of ambrosia
 A - 4 potions of berserk rage
 C - 4 potions of invisibility
 E - a potion of resistance
 H - 2 potions of flight
 L - 4 potions of might
Miscellaneous
 z - a lightning rod (inert)


   Skills:
 + Level 11.9 Fighting
 + Level 20.5 Axes
 + Level 10.8 Armour
 + Level 10.8 Dodging
 - Level 4.0 Shields
 - Level 10.0 Evocations


You had 16 spell levels left.
You didn't know any spells.
Your spell library was empty.

Dungeon Overview and Level Annotations

Branches:
Dungeon (15/15)            Temple (0/1) D:4            Lair (6/6) D:8
 Shoals (0/4) Lair:2       Spider (4/4) Lair:2        Slime (0/5) Lair:5
    Orc (2/2) D:12            Elf (0/3) Orc:2        Vaults (0/5) D:14
 Depths (0/5) D:15          IceCv (visited)         Volcano (visited)

Altars:
Ashenzari
Cheibriados
Elyvilon
Fedhas
Makhleb
Nemelex Xobeh
Okawaru
Qazlal
Trog
Vehumet
Yredelemnul
The Shining One
Beogh
Jiyva

Shops:
D:6 [   D:9 (   Orc:1 !   Orc:2 }([}

Portals:
Trove: D:14 (give horn of Geryon)

Annotations:
D:3 1 runed translucent door
D:5 exclusion: statue
D:9 1 runed translucent door


Innate Abilities, Weirdness & Mutations

You have hooves in place of feet.
You are mostly covered in rugged brown scales. (AC +2, +5% HP)
You regenerate a lot of health from kills.
You sometimes gain power by taking damage.
Your magical and physical power is slightly enhanced at high health.


Message History

The orb spider begins to weave its threads into a brightly glowing ball.
You are too injured to fight recklessly!
The orb of destruction hits you!!!
* * * LOW HITPOINT WARNING * * *
The orb spider pulsates with a strange energy.
You see here an orb spider corpse.
The jumping spider leaps!
The orb spider weaves a glowing orb of energy. x2
The orb of destruction hits a rock wall.
An orb of destruction comes into view.
You hit the jumping spider. You freeze the jumping spider.
The jumping spider is severely wounded.
The jumping spider pounces on you.
* * * LOW HITPOINT WARNING * * *
You are caught in a web!
The jumping spider bites you but does no damage.
You struggle to detach yourself from the web.
The orb of destruction hits a rock wall.
The jumping spider pounces on you!
You die...

▒· ·▒▒▒·· ▒▒ ▒▒▒ ··▒···
▒·· ·^ ········▒·· ▒···
▒s▒▒▒▒▒···▒▒····▒▒··
·▒▒··▒·○▒▒°···▒▒·▒··▒^▒·▒
······^☼▒·▒s···▒·▒···▒··^
▒····s·°@·ss·······▒·····
▒·······s·)s·▒▒··▒····▒··
····▒▒▒···<▒▒··▒··▒°▒··▒·
·▒▒▒^····▒▒·········▒····
▒▒▒··▒▒···[·^····▒·▒·^
······^▒▒·▒▒▒········s
···▒▒·▒·^······▒······▒
·▒··········^··▒···▒·s·
▒·········▒▒▒·^·····▒·


You could see 6 orb spiders and a jumping spider.

Vanquished Creatures
  Bai Suzhen (Spider:4)
  Arachne (Spider:3)
  Rupert (Lair:5)
  Kirke (Spider:4)
  Frances (Spider:1)
  A frost giant (IceCv)
  8 emperor scorpions
  3 ghost moths
  Louise (Spider:4)
  An orc warlord (Orc:2)
  2 entropy weavers
  A fire dragon (D:15)
  A great orb of eyes (D:12)
  Erolcha (Orc:1)
  3 boulder beetles
  The ghost of Arthanis the Scorcher, a journeyman DEFE of Vehumet (D:12)
  An ice dragon (D:15)
  Harold (Lair:2)
  7 catoblepae
  11 hydras
  3 centaur warriors
  6 two-headed ogres
  A death knight (D:15)
  16 death yaks
  The ghost of Quum the Martial Artist, a novice GnTm of Cheibriados (D:10)
  4 orc high priests (Orc:2)
  Nergalle (Orc:1)
  5 skeletal warriors (D:15)
  2 unseen horrors
  5 hell knights
  A salamander mystic (Volcano)
  3 wizards
  5 orc knights
  5 orc sorcerers (Orc:2)
  A lindwurm (Lair:6)
  8 orb spiders
  3 necromancers (D:12)
  16 wolf spiders
  3 deep elf magi
  3 cyclopes
  7 ugly things
  7 elephants (Lair:4)
  3 moths of wrath
  5 slime creatures (D:12)
  4 salamanders (Volcano)
  2 manticores (Lair:6)
  3 centaur zombies
  A torpor snail (Lair:5)
  2 molten gargoyles (Volcano)
  6 black mambas
  An ice statue (IceCv)
  2 rust devils (D:12)
  9 cane toads
  3 gargoyles
  13 komodo dragons
  An orange demon (D:12)
  16 demonic crawlers
  A kobold demonologist (D:13)
  10 rime drakes
  3 meliai (D:15)
  18 polar bears
  2 queen bees
  20 jumping spiders
  6 trolls
  16 hornets
  3 blink frogs (Lair:1)
  3 dream sheep
  4 wraiths (D:14)
  63 redbacks
  21 tarantellas
  A shadow (D:13)
  2 fire bats (Volcano)
  A human (D:8)
  7 wyverns
  4 hogs
  4 basilisks
  66 yaks
  A warg (Orc:2)
  4 vampire mosquitoes (D:15)
  3 soldier ants (D:9)
  2 acid dragons
  25 water moccasins
  7 hell hounds (D:12)
  A hornet zombie (D:14)
  44 orc warriors
  3 sky beasts
  4 ice beasts
  3 black bears
  2 phantoms
  33 wolves
  5 boggarts (D:14)
  16 ogres
  39 centaurs
  Blork the orc (D:6)
  21 bullfrogs
  A wyvern zombie (D:8)
  A wyvern skeleton (D:8)
  3 scorpions
  A water moccasin skeleton (D:7)
  34 killer bees
  3 vampire bats (Lair:3)
  16 wights
  7 electric eels
  2 howler monkeys (D:4)
  6 lava snakes (Volcano)
  A bullfrog zombie (D:10)
  4 bullfrog skeletons
  8 hounds
  30 orc priests
  8 centaur skeletons
  5 jellies
  22 orc wizards
  7 iguanas
  17 worker ants
  A killer bee zombie (D:10)
  2 hound zombies
  2 hound skeletons
  3 gnolls (D:8)
  17 adders
  4 white imps
  An ufetubus (D:6)
  An ooze (D:1)
  4 adder skeletons
  2 dart slugs
  12 leopard geckos
  88 orcs
  A ball python (D:3)
  12 bats
  5 giant cockroaches
  10 goblins
  4 hobgoblins (D:1)
  10 jackals
  5 quokkas
  8 frilled lizards
  6 kobolds
  A leopard gecko skeleton (D:8)
  7 rats
1076 creatures vanquished.

Vanquished Creatures (others)
  A demonic crawler (Spider:4)
  3 humans (Spider:4)
  2 centaurs (D:13)
  A wolf (IceCv)
  2 orc priests (Orc:2)
  A hound (D:10)
  A bush (Lair:6)
  51 fungi
  52 plants
114 creatures vanquished.

Grand Total: 1190 creatures vanquished

Notes
Turn   | Place    | Note
-------+----------+-------------------------------------------
     0 | D:1      | Azzok the Demonspawn Berserker began the quest for the Orb.
     0 | D:1      | Reached XP level 1. HP: 18/18 MP: 1/1
   297 | D:1      | Gained mutation: You have large cloven feet. [demonic
                  | ancestry]
   297 | D:1      | Reached XP level 2. HP: 24/24 MP: 2/2
   534 | D:1      | Reached skill level 3 in Axes
   555 | D:1      | Reached ** piety under Trog
   611 | D:1      | Gained mutation: You are partially covered in rugged brown
                  | scales. (AC +1, +3% HP) [demonic ancestry]
   611 | D:1      | Reached XP level 3. HP: 23/29 MP: 3/3
  1516 | D:2      | Found a broken altar of Ashenzari.
  2048 | D:3      | Reached XP level 4. HP: 36/36 MP: 4/4
  2462 | D:3      | Reached skill level 1 in Shields
  2525 | D:3      | Found a faded altar of an unknown god.
  2578 | D:3      | Reached *** piety under Trog
  2636 | D:3      | Found a white marble altar of Elyvilon.
  2637 | D:3      | Found a runed translucent door.
  2637 | D:3      | Noticed an angel
  2906 | D:4      | Reached XP level 5. HP: 43/43 MP: 5/5
  3051 | D:4      | Gained mutation: You have hoof-like feet. [demonic
                  | ancestry]
  3051 | D:4      | Reached XP level 6. HP: 46/49 MP: 6/6
  3453 | D:4      | Reached skill level 4 in Axes
  3608 | D:4      | Found a staircase to the Ecumenical Temple.
  3735 | D:5      | Entered Level 5 of the Dungeon
  3797 | D:5      | Reached XP level 7. HP: 47/56 MP: 7/7
  4719 | D:5      | Found a radiant altar of Vehumet.
  4754 | D:5      | Found a blossoming altar of Fedhas.
  5101 | D:6      | Found a sparkling altar of Nemelex Xobeh.
  5149 | D:6      | Reached **** piety under Trog
  5157 | D:6      | Reached skill level 5 in Fighting
  5158 | D:6      | Gained mutation: You sometimes gain a little power by
                  | taking damage. [demonic ancestry]
  5158 | D:6      | Reached XP level 8. HP: 63/63 MP: 8/8
  5160 | D:6      | Reached skill level 5 in Axes
  5286 | D:6      | Found Hooliloe's Antique Armour Emporium.
  5294 | D:6      | Noticed Blork the orc
  5306 | D:6      | Killed Blork the orc
  5910 | D:6      | Reached skill level 6 in Axes
  6253 | D:6      | Found a burning altar of Makhleb.
  6329 | D:7      | Reached skill level 7 in Axes
  6620 | D:7      | Reached skill level 8 in Axes
  6620 | D:7      | Gained mutation: You regenerate a little health from kills.
                  | [demonic ancestry]
  6620 | D:7      | Reached XP level 9. HP: 61/70 MP: 9/9
  6741 | D:7      | Found an iron altar of Okawaru.
  7031 | D:8      | Found a stormy altar of Qazlal.
  7031 | D:8      | Found a basalt altar of Yredelemnul.
  7032 | D:8      | Found an iron altar of Okawaru.
  7046 | D:8      | Found a bloodstained altar of Trog.
  7059 | D:8      | Found a glowing golden altar of the Shining One.
  7060 | D:8      | Found a snail-covered altar of Cheibriados.
  7073 | D:8      | Reached ***** piety under Trog
  7272 | D:8      | Reached skill level 9 in Axes
  7373 | D:8      | Noticed a death yak
  7472 | D:8      | Noticed a death yak
  7472 | D:8      | Noticed a death yak
  7473 | D:8      | Noticed a death yak
  7474 | D:8      | Noticed a death yak
  7475 | D:8      | Noticed a death yak
  7476 | D:8      | Noticed a death yak
  7520 | D:7      | Killed a death yak
  7521 | D:7      | Reached skill level 10 in Axes
  7983 | D:9      | Found the +9 staff of Olgreb {rPois∞}
  7986 | D:9      | Found a runed translucent door.
  7994 | D:9      | Found a runed translucent gate.
  7994 | D:9      | Found a runed translucent gate.
  7995 | D:9      | Found a runed translucent door.
  8005 | D:9      | Found a runed translucent gate.
  8039 | D:9      | Noticed a two-headed ogre
  8054 | D:9      | Killed a two-headed ogre
  8055 | D:9      | Reached skill level 11 in Axes
  8055 | D:9      | Gained mutation: You have hooves in place of feet. [demonic
                  | ancestry]
  8055 | D:9      | Reached XP level 10. HP: 49/76 MP: 10/10
  8268 | D:9      | Noticed a white ugly thing
  8285 | D:9      | Killed a white ugly thing
  8527 | D:9      | Found Usattig's Antique Weapon Boutique.
  8535 | D:9      | Bought a runed hand axe for 204 gold pieces
  8565 | D:9      | Received a gift from Trog
  8576 | D:9      | Reached skill level 12 in Axes
  8584 | D:9      | Got a dazzling war axe {god gift}
  8585 | D:9      | Identified the +9 war axe of Vudosm {vorpal, rF- rC+ Int+4
                  | Dex+2} (Trog gifted it to you on level 9 of the Dungeon)
  8995 | D:8      | Found a staircase to the Lair.
  9013 | D:8      | Killed a death yak
  9199 | D:9      | Killed a death yak
  9200 | D:9      | Reached skill level 13 in Axes
  9201 | D:9      | Killed a death yak
  9411 | D:9      | Killed a death yak
  9412 | D:9      | Gained mutation: You sometimes gain power by taking damage.
                  | [demonic ancestry]
  9412 | D:9      | Reached XP level 11. HP: 44/81 MP: 11/11
  9584 | D:9      | Killed a death yak
  9612 | D:8      | Killed a death yak
  9762 | D:8      | Reached skill level 14 in Axes
 10084 | D:10     | Entered Level 10 of the Dungeon
 10402 | D:10     | Received a gift from Trog
 10574 | D:10     | Found a transporter.
 10577 | D:10     | Noticed Quum's ghost (novice GnTm)
 10830 | D:10     | Found the +3 crown of Dyrovepreva {rElec Int+2 SInv}
 10972 | D:10     | Found a transporter.
 11153 | D:11     | Noticed a green ugly thing
 11157 | D:11     | Killed a green ugly thing
 11352 | D:11     | Reached skill level 15 in Axes
 11974 | D:12     | Reached XP level 12. HP: 81/88 MP: 12/12
 12223 | D:12     | Reached ****** piety under Trog
 12224 | D:12     | Reached skill level 16 in Axes
 12307 | D:12     | Found a staircase to the Orcish Mines.
 12678 | Lair:1   | Entered Level 1 of the Lair of Beasts
 13512 | Lair:1   | Noticed a six-headed hydra
 13524 | Lair:1   | Killed a seven-headed hydra
 14021 | Lair:2   | Found a hole to the Spider Nest.
 14021 | Lair:2   | Noticed Harold
 14027 | Lair:2   | Noticed a four-headed hydra
 14109 | Lair:2   | Found a frozen archway.
 14113 | Lair:2   | Reached skill level 17 in Axes
 14120 | IceCv    | Entered an ice cave
 14526 | IceCv    | Received a gift from Trog
 14616 | IceCv    | Noticed a death yak
 14637 | IceCv    | Reached XP level 13. HP: 67/93 MP: 13/13
 14703 | IceCv    | Noticed a frost giant
 14704 | IceCv    | Found the ring of the Mage {Wiz Will++ Int+3}
 14716 | IceCv    | Reached skill level 18 in Axes
 14731 | IceCv    | Killed a frost giant
 14886 | IceCv    | Got a pair of steaming gloves
 14887 | IceCv    | Identified the +0 pair of gloves "Onkatiuly" {Int+3} (You
                  | found it in an ice cave)
 15211 | Lair:2   | Killed Harold
 15791 | Lair:2   | Found a staircase to the Shoals.
 16378 | Lair:3   | Reached skill level 1 in Evocations
 16952 | Lair:3   | Received a gift from Trog
 17526 | Lair:4   | Found a dark tunnel.
 17537 | Volcano  | Entered a volcano
 17889 | Volcano  | Found a radiant altar of Vehumet.
 18777 | Lair:4   | Reached skill level 5 in Armour
 18777 | Lair:4   | Reached skill level 5 in Dodging
 18982 | Lair:4   | Gained mutation: You regenerate health from kills. [demonic
                  | ancestry]
 18982 | Lair:4   | Reached XP level 14. HP: 101/103 MP: 14/14
 19043 | Lair:4   | Reached skill level 19 in Axes
 19707 | Lair:4   | Received a gift from Trog
 19913 | Lair:5   | Found a viscous altar of Jiyva.
 19914 | Lair:5   | Found a staircase to the Slime Pits.
 20344 | Lair:5   | Noticed Rupert
 20357 | Lair:5   | Killed Rupert
 20725 | Lair:5   | Found a burning altar of Makhleb.
 21785 | Lair:6   | Entered Level 6 of the Lair of Beasts
 21797 | Lair:6   | Reached skill level 5 in Evocations
 22581 | Lair:6   | Received a gift from Trog
 23236 | Lair:6   | Gained mutation: You regenerate a lot of health from kills.
                  | [demonic ancestry]
 23236 | Lair:6   | Reached XP level 15. HP: 70/113 MP: 15/15
 24417 | D:10     | Paralysed by a hornet for 2 turns
 24428 | D:10     | Killed Quum's ghost
 24579 | D:9      | Received a gift from Trog
 25230 | D:12     | Found a runed translucent gate.
 25230 | D:12     | Identified the +1 chain mail of the Evil One {rElec Str+5
                  | Dex-5 Stlth+}
 25230 | D:12     | Noticed Arthanis's ghost (journeyman DEFE)
 25231 | D:12     | Found a runed translucent gate.
 25232 | D:12     | Found a runed translucent gate.
 25238 | D:12     | Found a roughly hewn altar of Beogh.
 25455 | D:12     | Found a runed translucent door.
 26009 | D:12     | Received a gift from Trog
 26024 | D:12     | Killed Arthanis's ghost
 26543 | D:12     | Identified the ring "Cept" {*Corrode rPois rF- Will+
                  | Int+10}
 26980 | D:12     | Identified Sif Muna's Reference Book on Gliding Calling
 27660 | D:13     | Received a gift from Trog
 28315 | D:14     | Found a gate to the Vaults.
 28721 | D:14     | Found a portal to a secret trove of treasure.
 28753 | D:15     | Entered Level 15 of the Dungeon
 28906 | D:14     | Received a gift from Trog
 29120 | D:15     | Gained mutation: You are mostly covered in rugged brown
                  | scales. (AC +2, +5% HP) [demonic ancestry]
 29120 | D:15     | Reached XP level 16. HP: 114/126 MP: 16/16
 29723 | D:15     | Received a gift from Trog
 29730 | D:15     | Found a staircase to the Depths.
 30145 | Orc:1    | Entered Level 1 of the Orcish Mines
 30174 | Orc:1    | Noticed Nergalle
 30187 | Orc:1    | Killed Nergalle
 30256 | Orc:1    | Found Zutet's Distillery.
 30296 | Orc:1    | Bought a potion of mutation for 136 gold pieces
 30296 | Orc:1    | Bought a potion of heal wounds for 85 gold pieces
 30356 | Orc:1    | Noticed Erolcha
 30364 | Orc:1    | Killed Erolcha
 30451 | Orc:2    | Entered Level 2 of the Orcish Mines
 30451 | Orc:2    | Found a staircase to the Elven Halls.
 30489 | Orc:1    | Reached skill level 10 in Fighting
 30789 | Orc:2    | Found Neijob's Gadget Shop.
 30815 | Orc:2    | Received a gift from Trog
 30834 | Orc:2    | Found Inneufol's Antique Weapon Shoppe.
 30841 | Orc:2    | Reached skill level 20 in Axes
 30884 | Orc:2    | Found Wuvvuadu's Antique Armour Shoppe.
 30891 | Orc:2    | Found Ydghowukk's Gadget Shop.
 30953 | Orc:2    | Found a roughly hewn altar of Beogh.
 31029 | Orc:2    | Found a roughly hewn altar of Beogh.
 31101 | Orc:2    | Received a gift from Trog
 31107 | Orc:2    | Got a polished battleaxe {god gift}
 31118 | Orc:2    | Identified the +3 battleaxe "Seaqut" {antimagic, Will+}
                  | (Trog gifted it to you on level 2 of the Orcish Mines)
 31464 | Spider:1 | Entered Level 1 of the Spider Nest
 31468 | Spider:1 | Noticed Frances
 31483 | Spider:1 | Killed Frances
 32335 | Spider:2 | Received a gift from Trog
 32909 | Spider:3 | Gained mutation: Your magical and physical power is
                  | slightly enhanced at high health. [demonic ancestry]
 32909 | Spider:3 | Reached XP level 17. HP: 77/136 MP: 17/17
 33553 | Spider:3 | Reached skill level 10 in Dodging
 33558 | Spider:3 | Reached skill level 10 in Evocations
 33672 | Spider:3 | Received a gift from Trog
 33674 | Spider:3 | Reached skill level 10 in Armour
 33751 | Spider:4 | Entered Level 4 of the Spider Nest
 33751 | Spider:4 | Noticed Arachne
 33770 | Spider:3 | Killed Arachne
 34071 | Spider:4 | Noticed Kirke
 34073 | Spider:4 | Noticed Louise
 34086 | Spider:4 | Killed Kirke
 34098 | Spider:4 | Killed Louise
 34198 | Spider:4 | Noticed Bai Suzhen
 34253 | Spider:3 | Paralysed by a hornet for 1 turns
 34280 | Spider:4 | Killed Bai Suzhen
 35146 | Spider:4 | HP: 6/139 [disintegration (41)]
 35149 | Spider:4 | Mangled by a jumping spider

Illustrated notes

Levels and vault maps discovered:
D:1:      lemuel_arrival_room, layout_basic, minmay_misc_feat_nine_boxes,
          nrook_loot_triangle
D:2:      layout_loops_ring, general_overflow_altar
D:3:      layout_basic, chequers_ecumenical_altar_twisty, lemuel_angel_altar
D:4:      layout_basic, nicolae_overflow_hidden_temple,
          minmay_temple_entry_enclosed_plants
D:5:      layout_layer_cave, kennysheep_mini, vehumet_statue,
          ebering_dispersal_statue_hall, minmay_misc_feat_pillars
D:6:      layout_basic, overflow_temple_1_default, lightli_temple_of_fire,
          serial_shops, nicolae_shop_crystal, uniq_blork_the_orc
D:7:      layout_rooms, basic_altar
D:8:      layout_basic, grunt_temple_overflow_open, dpeg_lair_monsters,
          serial_corexii_hall, chequers_hall_statues_y,
          chequers_hall_statues_wall_a, corexii_hall_statues_u, grunt_livestock
D:9:      layout_loops_cross, serial_shops, shop,
          chequers_serial_rivers_micro_c, minmay_misc_feat_columns,
          minmay_guarded_unrand_staff_of_olgreb
D:10:     layout_long_grid, gammafunk_ghost_hive
D:11:     layout_rooms, minmay_between
D:12:     mludivico_vault, layout_long_grid, orc_0_dummy,
          biasface_ghost_orc_armoury
D:13:     layout_roguey, lemuel_flamethrower_3
D:14:     layout_long_grid, david_vaults_1, roderic_roman_lattice, special_room
          [special_room_orc], enter_trove_6, minmay_stone_trees_small
D:15:     grunt_enter_depths_hoard, layout_long_grid, special_room
          [special_room_bee], corexii_hall_statues_i
Lair:1:   layout_cave_shapes, minivault_27
Lair:2:   layout_regular_city, minmay_shoals_entry_centaurs, dummy_spider_entry,
          serial_bayou, serial_bayou_shore_b, serial_bayou_shore_b,
          serial_bayou_shore_a, serial_bayou_pond_b, portal_ice_cave_rime,
          uniq_harold
Lair:3:   layout_cave_pods, chequers_serial_rivers_small_b, roderic_batcave
Lair:4:   nzn_winding_woodlands_stair_trap [nzn_winding_woodlands_5x15_pool,
          nzn_winding_woodlands_5x15_zeroes,
          nzn_winding_woodlands_5x15_split_checker,
          nzn_winding_woodlands_15x15_killbox,
          nzn_winding_woodlands_5x15_crooked,
          nzn_winding_woodlands_5x15_sawtooth,
          nzn_winding_woodlands_5x15_lazy_stream], layout_loops_ring,
          enter_volcano_2, beast_lair_carwin_3
Lair:5:   layout_hall_layers, slime_altar_1, minmay_stone_trees_large,
          lemuel_centaur_altar, grunt_megastairs_1, uniq_rupert
Lair:6:   evilmike_catoblepas_cave, layout_loops_ring
Spider:1: layout_spider_delve, drop_trap, uniq_frances
Spider:2: layout_spider_delve, nicolae_spider_cling_halls
Spider:3: layout_spider_delve
Spider:4: guppyfry_spider_rune, nicolae_spider_nook, uniq_bai_suzhen,
          uniq_arachne, uniq_louise, uniq_kirke
Orc:1:    layout_diamond_mine, serial_shops, shop, uniq_erolcha, uniq_nergalle
Orc:2:    st_orc_elflike, layout_caves, basic_altar, minmay_orc_temple_c

Skill      XL: |  1  2  3  4  5  6  7  8  9 10 11 12 13 14 15 16 17 |
---------------+----------------------------------------------------+-----
Dodging        | 2 3 4 5 6 8 9 10 | 10.8
Armour         | 2 3 4 5 6 8 9 10 | 10.8
Axes           | 3 4 8 11 13 15 17 18 19 20 | 20.5
Shields        | 1 2 3 4 |  4.0
Fighting       | 4 5 6 7 9 10 11 | 11.9
Evocations     | 3 6 8 9 10 | 10.0

Action                   |  1- 3 |  4- 6 |  7- 9 | 10-12 | 13-15 | 16-18 || total
-------------------------+-------+-------+-------+-------+-------+-------++-------
Melee: Hand axe          |    88 |       |       |    23 |       |       ||   111
       Kick              |    19 |    45 |   118 |   166 |   428 |   246 ||  1022
       Dagger            |    16 |    76 |       |     3 |    23 |       ||   118
       War axe           |       |    53 |   257 |   408 |   183 |       ||   901
       Battleaxe         |       |       |       |       |   616 |   680 ||  1296
       Broad axe         |       |       |       |       |   354 |     5 ||   359
Invok: Berserk           |       |     2 |     7 |     8 |    18 |     8 ||    43
       Trog's Hand       |       |       |       |     2 |     5 |     6 ||    13
Evoke: Wand              |       |       |       |     2 |     7 |     5 ||    14
       Lightning rod     |       |       |       |       |       |    12 ||    12
  Use: Scroll            |       |    13 |     2 |     4 |    12 |     7 ||    38
       Potion            |       |       |       |     1 |       |     1 ||     2
 Stab: Paralysed         |       |       |       |       |     8 |       ||     8
       Petrified         |       |       |       |       |     2 |       ||     2
Armor: Ring mail         |    28 |       |       |       |       |       ||    28
       Scale mail        |     3 |     2 |       |       |       |       ||     5
       Chain mail        |       |    55 |    84 |       |       |       ||   139
       Plate armour      |       |       |    30 |   158 |   642 |   651 ||  1481
Dodge: Dodged            |    62 |    58 |   102 |   166 |   410 |   639 ||  1437
       Repelled          |       |       |       |       |     3 |     5 ||     8
Block: Buckler           |     5 |    22 |    74 |   107 |   132 |       ||   340

Table legend: (Time is in decaauts)
 A = Elapsed time spent in this place.
 B = Non-inter-level travel time spent in this place.
 C = Inter-level travel time spent in this place.
 D = Time resting spent in this place.
 E = Time spent auto-exploring this place.
 F = Levels seen in this place.
 G = Mean time per level.
                   A        B        C        D        E       F      G
               +--------+--------+--------+--------+--------+-----+--------+
         Total |  35103 |  33705 |   1398 |   7382 |  20059 |  29 | 1210.4 |
       Dungeon |  18813 |  17824 |    989 |   3393 |  11203 |  15 | 1254.2 |
          Lair |   9840 |   9548 |    292 |   2286 |   5868 |   6 | 1640.0 |
   Spider Nest |   3595 |   3580 |     15 |    984 |   1843 |   4 |  898.8 |
  Orcish Mines |   1167 |   1065 |    102 |     39 |    726 |   2 |  583.5 |
      Ice Cave |    737 |    737 |      0 |    204 |    286 |   1 |  737.0 |
       Volcano |    947 |    947 |      0 |    474 |    132 |   1 |  947.0 |
               +--------+--------+--------+--------+--------+-----+--------+

Top non-repeatable levels by time:
    D:12: 3125 daAuts
  Lair:6: 2382 daAuts
Spider:3: 2087 daAuts
  Lair:5: 1873 daAuts
     D:9: 1840 daAuts
  Lair:4: 1556 daAuts
  Lair:3: 1421 daAuts
  Lair:1: 1347 daAuts
     D:6: 1325 daAuts
     D:5: 1313 daAuts
     D:8: 1294 daAuts
  Lair:2: 1260 daAuts
    D:14: 1243 daAuts
     D:1: 1227 daAuts
    D:10: 1218 daAuts
